 Dungeon Crawl Stone Soup version 0.26-a0-612-gd4d190f45e (webtiles) character file.

Game seed: 8167178201944170750

1452 DogServant the Skirmisher (level 8, -3/73 HPs)
             Began as a Minotaur Berserker on Sept 10, 2020.
             Was an Elder of Trog.
             Slain by an ogre
             ... wielding a +0 giant club
              (8 damage)
             ... on level 8 of the Dungeon.
             The game lasted 00:11:24 (7055 turns).

DogServant the Skirmisher (Minotaur Berserker)      Turns: 7055, Time: 00:11:25

Health: -3/73      AC: 13    Str: 23      XL:     8   Next: 47%
Magic:  7/7        EV:  6    Int:  4      God:    Trog [****..]
Gold:   353        SH:  9    Dex: 10 (11) Spells: 7/7 levels left

rFire    . . .     SeeInvis .   a - +1 mace
rCold    . . .     Faith    .   d - +0 kite shield
rNeg     . . .     Spirit   .   v - +0 plate armour
rPois    .         Reflect  .   (helmet restricted)
rElec    .         Harm     .   (no cloak)
rCorr    .                      (no gloves)
MR       .....                  (no boots)
Stlth    ..........             (no amulet)
HPRegen  0.22/turn              (no ring)
MPRegen  0.10/turn              (no ring)

@: invisible
A: retaliatory headbutt, horns 2, deterioration 1, shaggy fur 1
a: Berserk, Trog's Hand, Brothers in Arms, Renounce Religion


You were on level 8 of the Dungeon.
You worshipped Trog.
Trog was greatly pleased with you.
You visited 1 branch of the dungeon, and saw 8 of its levels.

You collected 353 gold pieces.

Inventory:

Hand Weapons
 a - a +1 mace (weapon)
Missiles
 g - 7 poisoned darts (quivered)
Armour
 b - a +0 animal skin
 d - a +0 kite shield (worn)
 v - a +0 plate armour (worn)
Jewellery
 f - an uncursed ring of positive energy
 l - an uncursed ring of wizardry
Wands
 n - a wand of acid (6)
 o - a wand of digging (9)
 t - a wand of flame (15)
Scrolls
 c - a scroll of teleportation
 h - 3 scrolls of identify
 i - 3 scrolls of remove curse
 k - a scroll of amnesia
 p - a scroll of noise {unknown}
 s - 2 scrolls of magic mapping {unknown}
Potions
 j - a potion of mutation
 m - 2 potions of curing {unknown}
 q - a potion of degeneration
 u - 2 potions of flight
 w - a potion of heal wounds {unknown}
 x - a potion of berserk rage


   Skills:
 + Level 7.0 Fighting
 + Level 6.9 Maces & Flails
 + Level 6.3 Armour
 + Level 5.7 Dodging
 + Level 4.2 Shields


You had 7 spell levels left.
You didn't know any spells.
Your spell library was empty.

Dungeon Overview and Level Annotations

Branches:
Dungeon (8/15)             Temple (0/1) D:5
   Lair: D:8-11

Altars:
Ashenzari
Cheibriados
Makhleb
Xom


Innate Abilities, Weirdness & Mutations

You reflexively headbutt those who attack you in melee.
You have a pair of horns on your head.
Your body sometimes deteriorates upon taking damage.
You are covered in fur. (AC +1)


Message History

Found a dark potion.
As you read the scroll of fear, it crumbles to dust.
You assume a fearsome visage.
The ogre looks frightened!
The ogre looks petrified.
The ogre yells at you, "GO AWAY!"
A scorpion comes into view.
Okay, then.
The ogre hits you but does no damage.
There is a stone staircase leading down here.
You can't go up here!
You block the ogre's attack.
You climb downwards.
There is a stone staircase leading up here.
The ogre hits you with a +0 giant club.
* * * LOW HITPOINT WARNING * * *
Found a gold piece.
It was a potion of invisibility.
You fade into invisibility!
The ogre hits you with a +0 giant club!
You die...

#.## #.<#
##.## #..#
##.# #.###
#...###
#..#.O.###
#...####@..#
#..# ###...#
#.# #...# ##
#.$ .


You could see an ogre.

Vanquished Creatures
  Eustachio (D:4)
  A water moccasin (D:6)
  2 phantoms (D:5)
  2 ogres
  A centaur (D:6)
  4 scorpions
  A howler monkey (D:6)
  2 hounds
  A jelly (D:5)
  A centaur skeleton (D:4)
  An iguana (D:6)
  Terence (D:2)
  2 orc wizards (D:5)
  2 worker ants
  A killer bee zombie (D:5)
  A hound skeleton (D:6)
  8 adders
  4 gnolls (D:6)
  A howler monkey skeleton (D:6)
  2 shadow imps
  An ufetubus (D:6)
  2 oozes (D:2)
  An adder skeleton (D:4)
  A dart slug (D:2)
  14 orcs
  4 giant cockroaches
  7 hobgoblins
  12 jackals
  3 ball pythons
  6 bats
  7 frilled lizards
  4 goblins
  5 kobolds
  17 rats
123 creatures vanquished.

Notes
Turn   | Place    | Note
-------+----------+-------------------------------------------
     0 | D:1      | DogServant the Minotaur Berserker began the quest for the
                  | Orb.
     0 | D:1      | Reached XP level 1. HP: 19/19 MP: 0/0
   133 | D:1      | Reached XP level 2. HP: 24/27 MP: 1/1
   631 | D:2      | Noticed Terence
   638 | D:2      | Reached ** piety under Trog
   648 | D:2      | Killed Terence
   648 | D:2      | Reached skill level 4 in Fighting
   648 | D:2      | Reached XP level 3. HP: 13/33 MP: 2/2
  1082 | D:2      | Reached XP level 4. HP: 41/41 MP: 3/3
  1611 | D:3      | Reached *** piety under Trog
  2047 | D:3      | Gained mutation: Your body sometimes deteriorates upon
                  | taking damage. [potion of mutation]
  2047 | D:3      | Gained mutation: You are covered in fur. (AC +1) [potion of
                  | mutation]
  2049 | D:3      | Reached XP level 5. HP: 13/47 MP: 4/4
  2973 | D:4      | Reached skill level 5 in Fighting
  2973 | D:4      | Reached skill level 5 in Maces & Flails
  3143 | D:4      | Found a burning altar of Makhleb.
  3342 | D:4      | Reached XP level 6. HP: 48/56 MP: 5/5
  3712 | D:4      | Reached skill level 1 in Shields
  3843 | D:4      | Noticed Eustachio
  3862 | D:4      | Killed Eustachio
  3862 | D:4      | Reached XP level 7. HP: 46/62 MP: 6/6
  4271 | D:4      | Found a snail-covered altar of Cheibriados.
  4364 | D:5      | Entered Level 5 of the Dungeon
  4458 | D:5      | Reached skill level 5 in Armour
  4898 | D:5      | Found a staircase to the Ecumenical Temple.
  4954 | D:5      | Reached skill level 6 in Fighting
  5116 | D:5      | Found a shattered altar of Ashenzari.
  5386 | D:5      | Reached skill level 5 in Dodging
  5772 | D:6      | Reached XP level 8. HP: 69/71 MP: 7/7
  5801 | D:6      | Reached **** piety under Trog
  6774 | D:6      | Found a shimmering altar of Xom.
  7017 | D:7      | Reached skill level 7 in Fighting
  7017 | D:7      | HP: 3/73 [ogre/+0 giant club (18)]
  7047 | D:8      | HP: 3/73 [ogre/+0 giant club (6)]
  7055 | D:8      | Slain by an ogre

Illustrated notes

Levels and vault maps discovered:
D:1:      heliophobic_arrival_battle_scene, layout_rooms,
          chequers_serial_rivers_micro_c, minivault_14, nrook_loot_triangle,
          minmay_misc_feat_doors, serial_bayou_crossing
D:2:      layout_basic, uniq_terence
D:3:      layout_loops_ring, serial_rivers, chequers_serial_rivers_room_b,
          chequers_serial_rivers_small_a, chequers_serial_rivers_small_b,
          chequers_serial_rivers_micro_d, chequers_serial_rivers_micro_a,
          chequers_serial_rivers_micro_c
D:4:      layout_loops_ring, lemuel_crystal_altar, bloody_makhleb,
          uniq_eustachio
D:5:      layout_basic, ashenzari_conservatory_becter,
          minmay_temple_entry_crystal_x
D:6:      layout_loops_ring, kennysheep_little_box
D:7:      layout_gridville, vehumet_altar_wand_db, uniq_harold, uniq_menkaure
D:8:      layout_cave_pods, overflow_temple_1_default,
          nemelex_xobeh_ov_fountains_minmay, nicolae_overflow_crystal_walls,
          fedhas_altar_decomposition, uniq_gastronok

Skill      XL: |  1  2  3  4  5  6  7  8 |
---------------+-------------------------+-----
Maces & Flails | 4 5 6 |  6.9
Fighting       | 4 5 6 7 |  7.0
Armour         | 3 4 5 6 |  6.3
Dodging        | 3 4 5 |  5.7
Shields        | 1 3 4 |  4.2

Action                   |  1- 3 |  4- 6 |  7- 9 || total
-------------------------+-------+-------+-------++-------
Melee: Mace              |    54 |   150 |   165 ||   369
       Headbutt          |     5 |    17 |    22 ||    44
Invok: Berserk           |       |     1 |       ||     1
       Trog's Hand       |       |     1 |       ||     1
Evoke: Wand              |       |     1 |       ||     1
  Use: Potion            |       |     3 |     1 ||     4
       Scroll            |       |    12 |     1 ||    13
Armor: Animal skin       |    12 |    23 |    19 ||    54
       Plate armour      |       |       |    20 ||    20
Dodge: Dodged            |    35 |    74 |    71 ||   180
Block: Kite shield       |    14 |    52 |    83 ||   149

Table legend: (Time is in decaauts)
 A = Elapsed time spent in this place.
 B = Non-inter-level travel time spent in this place.
 C = Inter-level travel time spent in this place.
 D = Time resting spent in this place.
 E = Time spent auto-exploring this place.
 F = Levels seen in this place.
 G = Mean time per level.
                   A        B        C        D        E       F      G
               +--------+--------+--------+--------+--------+-----+--------+
         Total |   7163 |   7063 |    100 |    939 |   5089 |   8 |  895.4 |
       Dungeon |   7163 |   7063 |    100 |    939 |   5089 |   8 |  895.4 |
               +--------+--------+--------+--------+--------+-----+--------+

Top non-repeatable levels by time:
     D:3: 1573 daAuts
     D:4: 1508 daAuts
     D:5: 1380 daAuts
     D:6: 1287 daAuts
     D:2: 881 daAuts
     D:1: 486 daAuts
     D:7: 37 daAuts
     D:8: 8 daAuts
